 Dungeon Crawl Stone Soup version 0.22-a0-32-ga749362 (webtiles) character file.

35929 Gorice the Severer (level 13, -9/110 HPs)
             Began as a Hill Orc Fighter on Jan 3, 2018.
             Was an Elder of Beogh.
             Mangled by a 16-headed hydra (11 damage)
             ... on level 6 of the Lair of Beasts.
             The game lasted 01:02:20 (19359 turns).

Gorice the Severer (Hill Orc Fighter)              Turns: 19359, Time: 01:02:22

Health: -9/110     AC: 21    Str: 20    XL:     13   Next: 87%
Magic:  0/21       EV:  7    Int: 12    God:    Beogh [****..]
Gold:   896        SH:  0    Dex: 10    Spells: 10/12 levels left

rFire    . . .     SeeInvis +   a - +1 battleaxe (vamp)
rCold    . . .     Gourm    .   (shield currently unavailable)
rNeg     . . .     Faith    .   E - +0 plate armour
rPois    .         Spirit   +   S - +0 helmet
rElec    .         Reflect  .   U - scarf {Spirit}
rCorr    .         Harm     .   r - +1 pair of gloves
MR       .....                  Q - +0 pair of boots {Fly}
Stlth    ..........             (no amulet)
HPRegen  0.28/turn              p - +1 ring of slaying
MPRegen  0.17/turn              i - ring of see invisible

@: flying
A: no striking features
a: Smiting, Recall Orcish Followers, Renounce Religion, Stop Flying


You were on level 6 of the Lair of Beasts.
You worshipped Beogh.
Beogh was greatly pleased with you.
You were not hungry.

You visited 3 branches of the dungeon, and saw 18 of its levels.

You collected 974 gold pieces.
You spent 78 gold pieces at shops.

Inventory:

Hand Weapons
 a - a +1 vampiric battleaxe (weapon)
   (You found it on level 6 of the Dungeon)
 R - a +0 battleaxe
Missiles
 l - 14 tomahawks (quivered)
 q - 6 javelins
 Z - 2 throwing nets
Armour
 r - a +1 pair of gloves (worn)
 E - a +0 plate armour (worn)
 Q - a +0 pair of boots of flying (worn)
   (You found it on level 10 of the Dungeon)
 S - a +0 helmet (worn)
 U - a scarf of spirit shield (worn)
   (You found it on level 11 of the Dungeon)
Jewellery
 c - an uncursed ring of ice
 f - an uncursed ring of fire
 i - a ring of see invisible (right hand)
 p - a +1 ring of slaying (left hand)
Wands
 j - a wand of flame (5)
 x - a wand of acid (9)
 y - a wand of paralysis (14)
 B - a wand of iceblast (9)
 T - a wand of disintegration (34)
Scrolls
 t - a scroll of magic mapping {!r}
 v - 5 scrolls of teleportation {!r}
 F - 2 scrolls of fear {!r}
 J - 9 scrolls of remove curse
Potions
 d - 2 potions of might {!q}
 m - 3 potions of invisibility {!q}
 n - 2 potions of agility {!q}
 o - 5 potions of curing
 u - a potion of haste {!q}
 z - 3 potions of cancellation {!q}
 I - 2 potions of berserk rage
 L - a potion of resistance {!q}
Comestibles
 b - 6 chunks of flesh
 h - 23 rations


   Skills:
 + Level 8.9 Fighting
 - Level 20.0 Axes
 + Level 13.0 Armour
   Level 3.2 Shields
 + Level 11.1 Invocations
 + Level 3.0 Evocations


You had 10 spell levels left.
You knew the following spells:

 Your Spells              Type           Power        Failure   Level  Hunger
J - Blink                 Tloc           N/A          100%        2    ###....


Dungeon Overview and Level Annotations

Branches:
Dungeon (11/15)            Temple (1/1) D:4            Lair (6/6) D:11
 Shoals (0/4) Lair:4        Snake (0/4) Lair:2        Slime (0/5) Lair:5
    Orc (0/2) D:9

Altars:
Ashenzari
Cheibriados
Dithmenos
Elyvilon
Fedhas
Gozag
Hepliaklqana
Kikubaaqudgha
Makhleb
Nemelex Xobeh
Okawaru
Qazlal
Ru
Sif Muna
Trog
Uskayaw
Vehumet
Wu Jian
Xom
Yredelemnul
Zin
The Shining One

Shops:
D:4 ?   D:9 (

Annotations:
Lair:6 Nergalle


Message History

The 16-headed hydra bites you.
* * * LOW HITPOINT WARNING * * *
The 16-headed hydra bites you but does no damage.
The 16-headed hydra bites you.
* * * LOW HITPOINT WARNING * * *
Damage: 22 (max 25) Unknown command.
Unknown command.
You don't have enough magic at the moment.
You feel better.
The black mamba bites you but does no damage.
The 16-headed hydra bites you but does no damage. x2
The 16-headed hydra closely misses you.
The 16-headed hydra bites you but does no damage. x2
The 16-headed hydra bites you.
* * * LOW HITPOINT WARNING * * *
The 16-headed hydra barely misses you. The 16-headed hydra bites you!
* * * LOW HITPOINT WARNING * * *
The 16-headed hydra bites you.
* * * LOW HITPOINT WARNING * * *
The 16-headed hydra bites you but does no damage. x4
The 16-headed hydra barely misses you.
The 16-headed hydra bites you but does no damage. x2
The black mamba barely misses you.
Damage: 5 (max 25) Unknown command.
Unknown command.
Evoke which item? (* to show all) (? for menu, Esc to quit)
Aiming: Corrosive Bolt
Press: ? - help, Shift-Dir - straight line, f/p - 16-headed hydra
Aim: a 16-headed hydra (severely wounded)
The bolt of acid hits the 16-headed hydra.
The 16-headed hydra is splashed with acid.
The acid corrodes the 16-headed hydra!
The 16-headed hydra is almost dead.
The black mamba barely misses you. The black mamba bites you.
* * * LOW HITPOINT WARNING * * *
The 16-headed hydra bites you but does no damage. x4
The 16-headed hydra bites you!
* * * LOW HITPOINT WARNING * * *
The 16-headed hydra bites you!
* * * LOW HITPOINT WARNING * * *
The 16-headed hydra bites you but does no damage.
The 16-headed hydra bites you.
* * * LOW HITPOINT WARNING * * *
The 16-headed hydra bites you but does no damage.
The 16-headed hydra bites you.
* * * LOW HITPOINT WARNING * * *
The 16-headed hydra bites you!
You die...

..## ## ###
...##.###...
.......... .......
#....# . #...## $#
#..(P# ..# # #<..##
...# #.#..@.#...(.
#..DS......#
##P.....###(# .#
#P...)########..
..###.P.....PP#P#...
............PP......
....................
...................
..........##.#....


You could see a 16-headed hydra and a black mamba.

Vanquished Creatures
  3 hydras
  4 death yaks (Lair:5)
  2 two-headed ogres
  Pikel (D:5)
  An oklob plant (D:11)
  Joseph (D:7)
  2 cyclopes (D:11)
  A torpor snail (Lair:6)
  5 elephants
  3 black mambas
  Psyche (D:9)
  7 spiny frogs
  4 komodo dragons
  2 rime drakes (Lair:4)
  2 trolls
  A hornet (D:11)
  2 hippogriffs
  2 slime creatures (D:5)
  14 blink frogs
  10 yaks
  2 wraiths (Lair:5)
  A wyvern (Lair:5)
  2 basilisks
  2 hungry ghosts
  2 vampire mosquitoes (D:10)
  3 nagas (Lair:2)
  5 water moccasins
  Duvessa (D:5)
  5 porcupines
  4 orc warriors
  2 black bears
  3 ice beasts
  2 sky beasts (D:8)
  4 phantoms
  10 wolves
  10 centaurs
  5 ogres
  2 crocodiles (Lair:2)
  2 big kobolds
  9 bullfrogs
  Dowan (D:5)
  5 scorpions
  11 killer bees
  4 electric eels
  A vampire bat (D:5)
  5 crimson imps
  A centaur zombie (D:7)
  A bullfrog zombie (D:10)
  3 quasits
  5 hounds
  10 jellies
  2 orc priests
  4 iguanas
  11 orc wizards
  4 bullfrog skeletons
  Terence (D:3)
  2 worker ants
  A hell rat (Lair:3)
  A howler monkey skeleton (D:5)
  10 adders
  5 river rats (Lair:3)
  2 oozes (D:5)
  3 adder zombies
  3 adder skeletons
  2 worms
  2 dart slugs
  6 leopard geckos
  37 orcs
  3 ball pythons
  2 giant cockroaches
  5 goblins
  8 hobgoblins
  14 jackals
  19 kobolds
  6 quokkas
  12 bats
  3 frilled lizards
  2 leopard gecko skeletons
  7 rats
  A bush (Lair:5)
  2 fungi
  2 plants
373 creatures vanquished.

Vanquished Creatures (collateral kills)
  Josephine (Lair:5)
  3 hydras
  A two-headed ogre (D:11)
  2 death yaks (Lair:5)
  Urug (Lair:5)
  A centaur zombie (D:11)
  3 elephants
  A spiny frog (Lair:5)
  4 blink frogs
  A hippogriff (Lair:2)
  2 wraiths (Lair:5)
  A basilisk (Lair:4)
  4 yaks
  A hungry ghost (D:11)
  A naga (Lair:2)
  2 porcupines
  A water moccasin (Lair:3)
  A phantom (D:11)
  5 wolves
  2 crocodiles
  An electric eel (Lair:2)
  A hound (D:11)
  A hell rat (Lair:3)
  3 river rats (Lair:3)
  A bush (Lair:2)
  A fungus (Lair:4)
  A plant (Lair:3)
47 creatures vanquished.

Vanquished Creatures (others)
  Nergalle (Lair:6)
  An orc knight (D:11)
  An orc warrior (D:7)
  An orc priest (D:11)
  An orc wizard (D:7)
  An adder (D:7)
  An ooze (D:5)
  3 orcs
  4 jackals (D:5)
  A bush (Lair:2)
  8 fungi
  8 plants
  8 toadstools (D:5)
39 creatures vanquished.

Grand Total: 459 creatures vanquished

Notes
Turn   | Place    | Note
-------+----------+-------------------------------------------
     0 | D:1      | Gorice the Hill Orc Fighter began the quest for the Orb.
     0 | D:1      | Reached XP level 1. HP: 19/19 MP: 1/1
    19 | D:1      | Reached skill level 3 in Axes
    24 | D:1      | Reached XP level 2. HP: 26/26 MP: 2/2
   258 | D:1      | Reached skill level 4 in Axes
   328 | D:1      | Reached XP level 3. HP: 31/31 MP: 3/3
  1269 | D:2      | Found a hide-covered altar of Uskayaw.
  1285 | D:2      | Found a bloodstained altar of Trog.
  1478 | D:3      | Reached skill level 4 in Armour
  1478 | D:3      | Reached XP level 4. HP: 39/39 MP: 4/4
  1508 | D:3      | Noticed a bullfrog
  1515 | D:3      | Killed a bullfrog
  1515 | D:3      | Reached skill level 5 in Axes
  1515 | D:3      | Reached XP level 5. HP: 39/45 MP: 5/5
  1779 | D:3      | Found a sacrificial altar of Ru.
  1827 | D:3      | Reached skill level 6 in Axes
  1931 | D:3      | Noticed Terence
  1940 | D:3      | Killed Terence
  2092 | D:4      | Found a staircase to the Ecumenical Temple.
  2099 | D:4      | Reached XP level 6. HP: 50/51 MP: 6/6
  2105 | Temple   | Entered the Ecumenical Temple
  2249 | D:4      | Reached skill level 7 in Axes
  2249 | D:4      | Reached skill level 5 in Armour
  2288 | D:4      | Found a glowing golden altar of the Shining One.
  2582 | D:4      | Noticed a hungry ghost
  2635 | D:4      | Paralysed by fainting for 8 turns
  2654 | D:4      | Killed a hungry ghost
  2799 | D:4      | Found Haoffes's Magic Scroll Shop.
  2802 | D:4      | Bought a scroll of identify for 26 gold pieces
  2802 | D:4      | Bought a scroll of identify for 26 gold pieces
  2804 | D:4      | Bought a scroll of identify for 26 gold pieces
  2836 | D:4      | Noticed a phantom
  2858 | D:4      | Killed a phantom
  2858 | D:4      | Reached skill level 8 in Axes
  2858 | D:4      | Reached XP level 7. HP: 46/57 MP: 7/7
  3082 | D:5      | Entered Level 5 of the Dungeon
  3208 | D:5      | Noticed Pikel
  3237 | D:5      | Killed Pikel
  3237 | D:5      | Reached skill level 10 in Axes
  3237 | D:5      | Reached skill level 6 in Armour
  3237 | D:5      | Reached XP level 8. HP: 28/64 MP: 8/8
  3480 | D:5      | Noticed Dowan
  3485 | D:5      | Noticed Duvessa
  3497 | D:5      | Killed Duvessa
  3497 | D:5      | Reached skill level 7 in Armour
  3504 | D:5      | Killed Dowan
  3509 | D:5      | Reached skill level 11 in Axes
  3944 | D:5      | Noticed a slime creature
  3968 | D:5      | Killed a slime creature
  3968 | D:5      | Reached XP level 9. HP: 31/70 MP: 9/9
  4213 | D:5      | Reached skill level 12 in Axes
  4300 | D:5      | Reached skill level 8 in Armour
  4879 | D:6      | Found a radiant altar of Vehumet.
  5611 | D:6      | Reached skill level 13 in Axes
  5763 | D:7      | Found a basalt altar of Yredelemnul.
  5771 | D:7      | Became a worshipper of Beogh the Brigand
  6005 | D:7      | Noticed Joseph
  6264 | D:7      | Found a shadowy altar of Dithmenos.
  6319 | D:7      | Reached skill level 9 in Armour
  6337 | D:7      | HP: 17/70 [killer bee (6)]
  6342 | D:7      | HP: 11/70 [poisoned by a killer bee]
  6347 | D:7      | HP: 16/70 [killer bee (3)]
  6846 | D:7      | Reached skill level 14 in Axes
  6934 | D:7      | Reached XP level 10. HP: 77/77 MP: 10/10
  6938 | D:7      | Found a blossoming altar of Fedhas.
  6955 | D:7      | Killed Joseph
  7250 | D:8      | Reached * piety under Beogh
  7372 | D:8      | Found an iron altar of Okawaru.
  7466 | D:8      | Noticed a two-headed ogre
  7755 | D:8      | Killed a two-headed ogre
  7755 | D:8      | Reached skill level 15 in Axes
  7755 | D:8      | Reached skill level 10 in Armour
  8035 | D:8      | Found a shattered altar of Ashenzari.
  8385 | D:8      | Noticed an angel
  8386 | D:8      | Found a glowing silver altar of Zin.
  8795 | D:9      | Reached ** piety under Beogh
  8884 | D:9      | Noticed Psyche
  8901 | D:9      | Killed Psyche
  8901 | D:9      | Reached skill level 16 in Axes
  8902 | D:9      | Noticed a two-headed ogre
  8909 | D:9      | Killed a two-headed ogre
  8909 | D:9      | Reached XP level 11. HP: 82/82 MP: 11/11
  9034 | D:8      | Reached skill level 11 in Armour
  9157 | D:9      | Found a staircase to the Orcish Mines.
  9157 | D:9      | Found Fianui Vyler's Weapon Shop.
  9754 | D:9      | Found a deep blue altar of Sif Muna.
  9754 | D:9      | Found a white marble altar of Elyvilon.
  9916 | D:10     | Entered Level 10 of the Dungeon
 10065 | D:10     | Reached skill level 17 in Axes
 10134 | D:10     | Reached *** piety under Beogh
 10616 | D:11     | Noticed an oklob plant
 10720 | D:11     | Noticed a cyclops
 10735 | D:11     | HP: 24/82 [cyclops (24)]
 10740 | D:11     | Killed a cyclops
 10740 | D:11     | Reached skill level 1 in Invocations
 11071 | D:11     | Noticed a cyclops
 11114 | D:11     | HP: 22/82 [cyclops (16)]
 11115 | D:11     | Killed a cyclops
 11115 | D:11     | Reached skill level 2 in Invocations
 11528 | D:11     | Reached skill level 3 in Invocations
 11575 | D:11     | Found a staircase to the Lair.
 11648 | D:11     | Gained Wargath as an ally
 11952 | D:11     | Noticed a two-headed ogre
 11962 | D:11     | Killed a two-headed ogre
 11962 | D:11     | Reached skill level 18 in Axes
 11962 | D:11     | Reached skill level 4 in Invocations
 12028 | D:11     | Your ally Wargath died
 12113 | D:11     | --You bastards!
 12137 | D:11     | Killed an oklob plant
 12207 | Lair:1   | Entered Level 1 of the Lair of Beasts
 12314 | Lair:1   | Reached skill level 12 in Armour
 12359 | Lair:1   | Reached **** piety under Beogh
 12359 | Lair:1   | Reached XP level 12. HP: 90/90 MP: 12/15
 12385 | Lair:1   | Reached skill level 5 in Invocations
 12423 | Lair:1   | Noticed Nergalle
 13696 | Lair:2   | Reached skill level 6 in Invocations
 13786 | Lair:2   | Found a staircase to the Snake Pit.
 14134 | Lair:2   | Reached skill level 19 in Axes
 14756 | Lair:3   | HP: 25/90 [poisoned by a spiny frog]
 14843 | Lair:3   | Reached skill level 7 in Invocations
 14863 | Lair:3   | Noticed a six-headed hydra
 14871 | Lair:3   | Killed a six-headed hydra
 14871 | Lair:3   | Reached skill level 4 in Fighting
 15284 | Lair:3   | Noticed a seven-headed hydra
 15288 | Lair:3   | Killed a seven-headed hydra
 15288 | Lair:3   | Reached skill level 5 in Fighting
 15288 | Lair:3   | Reached skill level 8 in Invocations
 15717 | Lair:4   | Noticed a five-headed hydra
 15730 | Lair:4   | Killed a five-headed hydra
 16041 | Lair:4   | Reached XP level 13. HP: 102/102 MP: 19/19
 16048 | Lair:4   | Reached skill level 6 in Fighting
 16114 | Lair:4   | Reached skill level 9 in Invocations
 16152 | Lair:4   | Found a staircase to the Shoals.
 16992 | Lair:5   | Found a staircase to the Slime Pits.
 16992 | Lair:5   | Noticed Urug
 17008 | Lair:5   | Killed Urug
 17008 | Lair:5   | Reached skill level 7 in Fighting
 17322 | Lair:5   | Noticed Josephine
 17333 | Lair:5   | HP: 30/105 [Josephine/dagger (5)]
 17334 | Lair:5   | Killed Josephine
 17346 | Lair:5   | HP: 27/105 [four-headed hydra (6)]
 17692 | Lair:5   | Reached skill level 10 in Invocations
 17757 | Lair:5   | Reached skill level 20 in Axes
 18026 | Lair:5   | Reached skill level 8 in Fighting
 18346 | Lair:1   | Learned a level 2 spell: Blink
 18476 | Lair:6   | Entered Level 6 of the Lair of Beasts
 18498 | Lair:6   | Reached skill level 1 in Evocations
 18829 | Lair:5   | Reached skill level 2 in Evocations
 18950 | Lair:5   | Reached skill level 13 in Armour
 19119 | Lair:5   | Reached skill level 11 in Invocations
 19325 | Lair:6   | Reached skill level 3 in Evocations
 19342 | Lair:6   | Your ally died
 19354 | Lair:6   | HP: 33/110 [15-headed hydra (6)]
 19359 | Lair:6   | HP: 24/110 [black mamba (3)]
 19359 | Lair:6   | HP: 7/110 [16-headed hydra (9)]
 19359 | Lair:6   | HP: 2/110 [16-headed hydra (3)]
 19359 | Lair:6   | Mangled by a 16-headed hydra

Vault maps used:
D:1:      erik_arrival_blinker_ship, serial_bayou_pond_e
D:2:      amethyst_overflow_temple_binary
D:3:      hangedman_ru_absence, first_ration, uniq_terence
D:4:      tso_oasis_becter, minmay_temple_entry_overgrown, serial_shops,
          kennysheep_mini_moat
D:5:      cheibrodos_fertilizer, roderic_batcave, uniq_pikel, uniq_duvessa
D:6:      fiery_altar_vehumet
D:7:      nicolae_dithmenos_through_a_glass_darkly, kennysheep_mini,
          fedhas_altar_1, uniq_joseph
D:8:      okawaru_metal_pillars_3, zin_angel, marbit_many_paths
D:9:      gammafunk_temple_overflow_elements, orc_david_3, grunt_ogre_cave,
          kennysheep_small_spiral, kennysheep_opposing_triangles, uniq_psyche
D:10:     st_stairs_10, dk_noncrumbling_3, corexii_corridor_pit,
          kennysheep_generic_room_12
D:11:     dpeg_oklobed_lair, serial_bayou_pond_c
Temple:   kb_temple_of_zot
Lair:1:   infiniplex_staircase_pool, uniq_nergalle
Lair:2:   minmay_snake_entry_guardpost_medium, serial_bayou,
          serial_bayou_pond_e, serial_bayou_crossing, serial_bayou_pond_e,
          serial_bayou_pond_e, minmay_hedge_maze, lemuel_fruit_fields,
          serial_bayou_shore_b, serial_bayou_shore_b
Lair:3:   kennysheep_rathole, serial_bayou_shore_b
Lair:4:   shoals_dummy_entry, grunt_megastairs_2, serial_bayou_shore_b
Lair:5:   minmay_slime_entry_oklob_open, patterned_corridor, grunt_megastairs_5,
          uniq_josephine, uniq_urug
Lair:6:   wormcave, hangedman_lair_unloving_vines, grunt_megastairs_3

Skill      XL: |  1  2  3  4  5  6  7  8  9 10 11 12 13 |
---------------+----------------------------------------+-----
Axes           | 3 4 5 6 8 10 11 14 16 18 19 20 | 20.0
Armour         | 4 5 6 7 9 10 12 13 | 13.0
Invocations    | 4 8 11 | 11.1
Fighting       | 5 8 |  8.9
Evocations     | 3 |  3.0
Shields        | |  3.2

Action                   |  1- 3 |  4- 6 |  7- 9 | 10-12 | 13-15 || total
-------------------------+-------+-------+-------+-------+-------++-------
Melee: War axe           |    32 |    10 |    11 |       |       ||    53
       Hand axe          |    82 |   134 |   381 |       |       ||   597
       Battleaxe         |       |       |     5 |   843 |   227 ||  1075
Throw: Tomahawk          |       |       |     4 |     1 |       ||     5
Invok: Convert to Beogh  |       |       |     1 |       |       ||     1
       Smiting           |       |       |       |     7 |     2 ||     9
       Recall Orcish Fol |       |       |       |       |     1 ||     1
Evoke: Wand              |       |       |       |    22 |    12 ||    34
  Use: Scroll            |     7 |     6 |     6 |     9 |     1 ||    29
       Potion            |       |       |     1 |     1 |     1 ||     3
 Stab: Distracted        |       |       |     1 |     4 |     4 ||     9
       Paralysed         |       |       |       |     9 |       ||     9
  Eat: Chunk             |     2 |     5 |     8 |    29 |     4 ||    48
       Ration            |       |     2 |     3 |     1 |     2 ||     8
Armor: Scale mail        |    62 |    64 |    57 |       |       ||   183
       Chain mail        |       |       |    24 |       |       ||    24
       Plate armour      |       |       |   154 |   534 |   247 ||   935
Dodge: Dodged            |    23 |    30 |    71 |   230 |   101 ||   455
       Deflected         |       |       |       |     9 |       ||     9
Block: Shield            |    60 |    57 |   184 |       |       ||   301

Table legend:
 A = Spawn XP
 B = Non-spawn XP
 C = Spawn XP percentage of total XP
 D = Spawn monster count
 E = Non-spawn monster count
 F = Spawn count percentage of total count
 G = Total turns spent on level
                    A         B        C        D         E        F      G
               +---------+---------+-------+---------+---------+-------+---------
         Total |       0 |   51328 |   0.0 |       0 |     412 |   0.0 | 19359
               +---------+---------+-------+---------+---------+-------+---------
           D:1 |       0 |      49 |   0.0 |       0 |      27 |   0.0 |   609
           D:2 |       0 |      25 |   0.0 |       0 |      15 |   0.0 |   830
           D:3 |       0 |     212 |   0.0 |       0 |      18 |   0.0 |   638
           D:4 |       0 |     448 |   0.0 |       0 |      19 |   0.0 |   899
           D:5 |       0 |    2223 |   0.0 |       0 |      40 |   0.0 |  1742
           D:6 |       0 |     820 |   0.0 |       0 |      18 |   0.0 |  1732
           D:7 |       0 |    1453 |   0.0 |       0 |      19 |   0.0 |   819
           D:8 |       0 |    2549 |   0.0 |       0 |      32 |   0.0 |  1290
           D:9 |       0 |    3219 |   0.0 |       0 |      36 |   0.0 |  1294
          D:10 |       0 |    1641 |   0.0 |       0 |      32 |   0.0 |   637
          D:11 |       0 |    5438 |   0.0 |       0 |      29 |   0.0 |  1647
        Lair:1 |       0 |    1917 |   0.0 |       0 |      10 |   0.0 |   856
        Lair:2 |       0 |    4799 |   0.0 |       0 |      25 |   0.0 |  1669
        Lair:3 |       0 |    5305 |   0.0 |       0 |      27 |   0.0 |  1018
        Lair:4 |       0 |    6493 |   0.0 |       0 |      27 |   0.0 |  1613
        Lair:5 |       0 |   12458 |   0.0 |       0 |      27 |   0.0 |  1861
        Lair:6 |       0 |    2279 |   0.0 |       0 |      11 |   0.0 |    99
               +---------+---------+-------+---------+---------+-------+---------

Table legend:
 A = Turns spent in this place as a percentage of turns spent in the entire game.
 B = Non-inter-level travel turns spent in this place as a percentage of non-inter-level travel turns spent in the entire game.
 C = Inter-level travel turns spent in this place as a percentage of turns spent in this place.
 D = Turns resting spent in this place as a percentage of non-inter-level travel turns spent in this place.
 E = Turns spent auto-exploring this place as a percentage of non-inter-level travel turns spent in this place.
 F = Non-inter-level travel turns spent in this place divided by the number of levels of this place that you've seen.
                   A       B       C       D       E      F
               +-------+-------+-------+-------+-------+----------------------
         Total | 100.0 | 100.0 |   4.7 |  27.4 |  45.1 | 1024.6
       Dungeon |  62.7 |  63.4 |   3.7 |  23.5 |  46.2 | 1062.3
        Temple |   0.5 |   0.5 |  14.2 |   0.0 |  97.8 |  91.0
          Lair |  36.8 |  36.1 |   6.3 |  34.5 |  42.4 | 1111.0
               +-------+-------+-------+-------+-------+----------------------

Vault maps used:
D:1:      erik_arrival_blinker_ship, serial_bayou_pond_e
D:2:      amethyst_overflow_temple_binary
D:3:      hangedman_ru_absence, first_ration, uniq_terence
D:4:      tso_oasis_becter, minmay_temple_entry_overgrown, serial_shops,
          kennysheep_mini_moat
D:5:      cheibrodos_fertilizer, roderic_batcave, uniq_pikel, uniq_duvessa
D:6:      fiery_altar_vehumet
D:7:      nicolae_dithmenos_through_a_glass_darkly, kennysheep_mini,
          fedhas_altar_1, uniq_joseph
D:8:      okawaru_metal_pillars_3, zin_angel, marbit_many_paths
D:9:      gammafunk_temple_overflow_elements, orc_david_3, grunt_ogre_cave,
          kennysheep_small_spiral, kennysheep_opposing_triangles, uniq_psyche
D:10:     st_stairs_10, dk_noncrumbling_3, corexii_corridor_pit,
          kennysheep_generic_room_12
D:11:     dpeg_oklobed_lair, serial_bayou_pond_c
Temple:   kb_temple_of_zot
Lair:1:   infiniplex_staircase_pool, uniq_nergalle
Lair:2:   minmay_snake_entry_guardpost_medium, serial_bayou,
          serial_bayou_pond_e, serial_bayou_crossing, serial_bayou_pond_e,
          serial_bayou_pond_e, minmay_hedge_maze, lemuel_fruit_fields,
          serial_bayou_shore_b, serial_bayou_shore_b
Lair:3:   kennysheep_rathole, serial_bayou_shore_b
Lair:4:   shoals_dummy_entry, grunt_megastairs_2, serial_bayou_shore_b
Lair:5:   minmay_slime_entry_oklob_open, patterned_corridor, grunt_megastairs_5,
          uniq_josephine, uniq_urug
Lair:6:   wormcave, hangedman_lair_unloving_vines, grunt_megastairs_3
